 Dungeon Crawl Stone Soup version 0.24-a0-375-g4de66ed42b (webtiles) character file.

Game seed: 13585714915442141084

50 theanonym the Magician (level 3, -3/24 HPs)
             Began as a Mummy Air Elementalist on May 31, 2019.
             Slain by an orc priest
             ... wielding a +0 trident
              (6 damage)
             ... on level 3 of the Dungeon.
             The game lasted 00:02:25 (1111 turns).

theanonym the Magician (Mummy Air Elementalist)     Turns: 1111, Time: 00:02:25

Health: -3/24      AC:  2    Str: 11    XL:     3   Next: 55%
Magic:  2/8        EV: 12    Int: 15    God:
Gold:   72         SH:  0    Dex: 12    Spells: 3/9 levels left

rFire    x . .     SeeInvis .   b - +0 dagger
rCold    + . .     Gourm    .   (no shield)
rNeg     + + +     Faith    .   a - +0 robe
rPois    ∞         Spirit   .   (no helmet)
rElec    .         Reflect  .   (no cloak)
rCorr    .         Harm     .   (no gloves)
MR       .....                  (no boots)
Stlth    ++........             (no amulet)
HPRegen  0.08/turn              (no ring)
MPRegen  0.11/turn              (no ring)

@: swift, about to teleport, quick
A: no food or potions, fire vulnerability, cold resistance 1, negative energy
resistance 3, torment resistance, unbreathing
a: no special abilities


Innate Abilities, Weirdness & Mutations

You do not eat or drink.
Your flesh is vulnerable to fire.
You are immune to poison.
Your flesh is cold resistant. (rC+)
You are immune to negative energy. (rN+++)
You are immune to unholy pain and torment.
You can survive without breathing.


   Skills:
 - Level 1.5 Dodging
 - Level 1.5 Stealth
 + Level 3.6 Spellcasting
 + Level 1.7 Conjurations
 + Level 2.9 Air Magic


You had 3 spell levels left.
You knew the following spells:

 Your Spells              Type           Power        Failure   Level  Hunger
a - Shock                 Conj/Air       #...         7%          1    N/A
b - Static Discharge      Conj/Air       #.......     22%         3    N/A
s - Swiftness             Chrm/Air       #.......     16%         2    N/A

Your spell library contained the following spells:

 Spells                   Type           Power        Failure   Level  Hunger
 Airstrike                Air            ##........   50%         4    N/A
 Lightning Bolt           Conj/Air       #.........   89%         5    N/A

Skill      XL: |  1 |
---------------+----+-----
Conjurations   | 1 |  1.7
Spellcasting   | 3 |  3.6
Dodging        | |  1.5
Stealth        | |  1.5
Air Magic      | |  2.9

Action                   || total
-------------------------++-------
Melee: Dagger            ||    21
 Cast: Shock             ||    64
       Swiftness         ||     1
  Use: Scroll            ||     2
Armor: Robe              ||    12
Dodge: Dodged            ||    31

Inventory:

Hand Weapons
 b - a +0 dagger (weapon)
Armour
 a - a +0 robe (worn)
Wands
 h - a wand of random effects (10)
Scrolls
 d - 2 scrolls of identify {unknown}
 e - a scroll of amnesia {unknown}
 g - a scroll of blinking {unknown}


You were on level 3 of the Dungeon.
You were not hungry.

You visited 1 branch of the dungeon, and saw 3 of its levels.

You collected 72 gold pieces.

Dungeon Overview and Level Annotations

Branches:
Dungeon (3/15)

Altars:
Makhleb

##. #..
#.# #.# #
#.#.# # #
#.#.#.#
#.#og...#
#..@.#
###o....#
.so.#.#
.$#...[..
##. o....
. ..
......#
##
=.....#
......#


You could see 2 orc priests, a gnoll, 2 orcs and a giant cockroach.

Notes
Turn   | Place    | Note
-------+----------+-------------------------------------------
     0 | D:1      | theanonym the Mummy Air Elementalist began the quest for
                  | the Orb.
     0 | D:1      | Reached XP level 1. HP: 13/13 MP: 4/4
    89 | D:1      | Reached skill level 1 in Conjurations
   136 | D:1      | Reached skill level 3 in Spellcasting
   204 | D:1      | Reached XP level 2. HP: 19/19 MP: 3/6
   895 | D:2      | Reached XP level 3. HP: 23/24 MP: 1/7
   954 | D:2      | Learned a level 2 spell: Swiftness
   958 | D:2      | Learned a level 3 spell: Static Discharge
  1050 | D:2      | Found a burning altar of Makhleb.
  1101 | D:2      | HP: 11/24 [gnoll/+0 whip (7)]
  1106 | D:2      | HP: 2/24 [gnoll/+0 whip (9)]
  1111 | D:3      | Slain by an orc priest

Vanquished Creatures
  A gnoll (D:2)
  2 adders (D:2)
  A giant cockroach (D:1)
  2 goblins (D:1)
  4 hobgoblins
  A quokka (D:2)
  2 bats
  2 frilled lizards
  6 kobolds
  2 rats
23 creatures vanquished.

Table legend:
 A = Turns spent in this place as a percentage of turns spent in the entire game.
 B = Non-inter-level travel turns spent in this place as a percentage of non-inter-level travel turns spent in the entire game.
 C = Inter-level travel turns spent in this place as a percentage of turns spent in this place.
 D = Turns resting spent in this place as a percentage of non-inter-level travel turns spent in this place.
 E = Turns spent auto-exploring this place as a percentage of non-inter-level travel turns spent in this place.
 F = Non-inter-level travel turns spent in this place divided by the number of levels of this place that you've seen.
                   A       B       C       D       E      F
               +-------+-------+-------+-------+-------+----------------------
         Total | 100.0 | 100.0 |   2.2 |  32.1 |  52.4 | 362.3
       Dungeon | 100.0 | 100.0 |   2.2 |  32.1 |  52.4 | 362.3
               +-------+-------+-------+-------+-------+----------------------
